 Dungeon Crawl Stone Soup version 0.29.0-5-ge4962eb29e (webtiles) character file.

Game seed: 7548249322674302572

478 freelancePsychic the Magician (level 7, 0/57 HPs)
             Began as a Meteoran Hedge Wizard on Aug 29, 2022.
             Slain by a kobold brigand
             ... wielding a +0 whip
              (3 damage)
             ... on level 4 of the Dungeon.
             The game lasted 00:11:06 (1575 turns).

freelancePsychic the Magician (MeHW)                Turns: 1575, Time: 00:11:07

Health: 0/57       AC:  4    Str: 11    XL:     7   Next: 59%
Magic:  12/15      EV: 12    Int: 18    God:
Gold:   65         SH:  0    Dex: 14    Spells: 7/15 levels left

rFire   . . .      SeeInvis .   b - +2 short sword (venom)
rCold   + . .      Faith    .   (no shield)
rNeg    . . .      Spirit   .   g - +0 leather armour {rC+}
rPois   .          Reflect  .   c - +0 hat
rElec   .          Harm     .   p - +0 cloak
rCorr   .          Rampage  .   (no gloves)
Will    .....                   (no boots)
Stlth   +.........              (no amulet)
HPRegen 0.19/turn               (no ring)
MPRegen 0.14/turn               (no ring)

@: lethally poisoned (0 -> -4), very slightly contaminated, glowing
A: sense surroundings 1, otherworldly, glowing, explore regen
a: no special abilities


You were on level 4 of the Dungeon.
You visited 1 branch of the dungeon, and saw 5 of its levels.

You collected 65 gold pieces.

Inventory:

Hand Weapons
 a - the +3 woodcutter's axe {vorpal}
   (You found it on level 3 of the Dungeon)

   It inflicts extra damage upon your enemies.
 b - a +2 short sword of venom (weapon)
 l - a +0 rapier
Armour
 c - a +0 hat (worn)
 f - a +0 robe
 g - a +0 leather armour of cold resistance (worn)
 p - a +0 cloak (worn)
Wands
 m - a wand of flame (21)
 n - a wand of paralysis (6)
Scrolls
 e - a scroll of vulnerability
 i - a scroll of immolation
 o - a scroll of identify {@r1}
 r - a scroll of magic mapping {unknown}
Potions
 d - a potion of magic
 h - a potion of berserk rage {unknown}
 j - a potion of curing {@q1}
 k - 2 potions of haste {@q3}
 q - a potion of flight {unknown}


   Skills:
 + Level 3.0 Fighting
 * Level 4.3 Short Blades
 - Level 2.4 Dodging
 - Level 1.4 Stealth
 + Level 4.9 Spellcasting
 + Level 2.7 Conjurations
 - Level 1.2 Summonings
 - Level 1.2 Translocations
 - Level 2.5 Transmutations
 + Level 1.1 Air Magic
 - Level 2.3 Earth Magic
 + Level 1.2 Poison Magic


You had 7 spell levels left.
You knew the following spells:

 Your Spells              Type           Power      Damage    Failure   Level
a - Magic Dart            Conj           56%        1d5       6%          1
b - Petrify               Tmut/Erth      13%        N/A       54%         4
c - Mephitic Cloud        Conj/Pois/Air  10%        N/A       26%         3

Your spell library contained the following spells:

 Spells                   Type           Power      Damage    Failure   Level
 Blink                    Tloc           16%        N/A       16%         2
 Call Imp                 Summ           8%         N/A       16%         2
 Freeze                   Ice            16%        1d4       19%         1
 Necrotise                Necr           16%        1d4       19%         1
 Slow                     Hex            16%        N/A       19%         1
 Sublimation of Blood     Necr           4%         N/A       26%         2
 Conjure Flame            Conj/Fire      9%         6-21      30%         3
 Frozen Ramparts          Ice            8%         1d2       47%         3
 Vampiric Draining        Necr           4%         2d6       47%         3
 Hailstorm                Conj/Ice       9%         3d4       69%         4
 Irradiate                Conj/Tmut      6%         3d13      86%         5
 Agony                    Necr           4%         N/A       99%         5


Dungeon Overview and Level Annotations

Branches:
Dungeon (5/15) Zot: 1424
 Temple: D:4-7

Altars:

Annotations:
D:3 1 runed translucent door, Buttons840's ghost, amateur GnWn


Innate Abilities, Weirdness & Mutations

You passively map a small area around you.
You are easily found by Zot.
You glow in the dark.
You regain HP and MP as you explore.


Message History

You see here a +0 club.
You can't go up here!
You climb downwards.
The iguana misses you. The kobold brigand barely misses you.
The iguana bites you.
The kobold brigand hits you with a +0 whip.
There is a stone staircase leading up, spattered with blood here.
The iguana misses you. The orc hits you with a +0 flail!
You climb upwards.
There is a stone staircase leading down, spattered with blood here.
You see here a +0 club.
You hit the orc.
You kill the orc!
The kobold brigand barely misses you.
You hit the kobold brigand.
The kobold brigand is poisoned.
The kobold brigand is lightly wounded.
You barely miss the kobold brigand.
The kobold brigand is lightly wounded.
The kobold brigand hits you with a +0 whip.
* * * LOW HITPOINT WARNING * * *
You hit the kobold brigand.
The kobold brigand is moderately wounded.
The kobold brigand barely misses you.
The kobold brigand attacks as you move away!
The kobold brigand hits you with a +0 whip.
* * * LOW HITPOINT WARNING * * *
Items here: ( ))) [ †††.
Casting: Mephitic Cloud (dangerous; 26% risk of failure)
Confirm with . or Enter, or press ? or * to list all spells.
Aiming: Mephitic Cloud (dangerous; 26% risk of failure)
Press: ? - help, Shift-Dir - straight line, f - kobold brigand
Aim: a kobold brigand, wielding a +0 whip and quivering curare-tipped darts (moderately wounded, very poisoned, chance to affect: 77%) That beam is likely to hit you.
Continue anyway?
You miscast Mephitic Cloud.
You are very lightly contaminated with residual magic.
You feel odd!
You are poisoned.
* * * LOW HITPOINT WARNING * * *
x2 You feel sick.
The kobold brigand hits you with a +0 whip.
You die...

.......## ##.#.#
#.....## ###.#
##...## #.# ##+#
#.## #.# #..# #.#
##.# ###.##### #l#
.#...##.## #K#
.......#.## #@#
......###.## #.#
..†..## ##.#####.#
.#)##.###........#
.......#.#########
...####.# #### ###


You could see a kobold brigand (poisoned) and an iguana.

Vanquished Creatures
  An orc warrior (D:4)
  A howler monkey (D:4)
  An orc priest (D:3)
  Jessica (D:3)
  2 orc wizards (D:3)
  Terence (D:3)
  3 iguanas (D:4)
  2 adders (D:2)
  A shadow imp (D:4)
  A white imp (D:5)
  A worm (D:2)
  5 dart slugs
  6 orcs
  5 ball pythons
  7 bats
  11 endoplasms
  9 goblins
  3 hobgoblins
  7 jackals (D:2)
  10 kobolds
  4 quokkas
  5 frilled lizards
  4 rats
91 creatures vanquished.

Vanquished Creatures (others)
  12 plants (D:4)
12 creatures vanquished.

Grand Total: 103 creatures vanquished

Notes
Turn   | Place    | Note
-------+----------+-------------------------------------------
     0 | D:1      | freelancePsychic the Meteoran Hedge Wizard began the quest
                  | for the Orb.
     0 | D:1      | Reached XP level 1. HP: 14/14 MP: 6/6
    55 | D:1      | Reached XP level 2. HP: 16/22 MP: 2/8
    79 | D:1      | Reached skill level 1 in Fighting
    97 | D:1      | Reached skill level 1 in Short Blades
   130 | D:1      | Reached XP level 3. HP: 14/28 MP: 5/9
   316 | D:2      | Reached XP level 4. HP: 35/35 MP: 11/11
   519 | D:2      | Reached skill level 1 in Transmutations
   564 | D:2      | Reached skill level 1 in Earth Magic
   566 | D:2      | Reached XP level 5. HP: 41/41 MP: 12/12
   741 | D:3      | Learned a level 4 spell: Petrify
   747 | D:3      | Learned a level 3 spell: Mephitic Cloud
   753 | D:3      | Noticed Jessica
   758 | D:3      | Killed Jessica
   790 | D:3      | Found the +3 woodcutter's axe {vorpal}
   818 | D:3      | Reached XP level 6. HP: 32/49 MP: 13/13
   846 | D:3      | Found a runed translucent door.
   846 | D:3      | Noticed Buttons840's ghost (amateur GnWn)
  1016 | D:4      | Noticed a two-headed ogre
  1177 | D:4      | Noticed an orc warrior
  1256 | D:3      | Reached XP level 7. HP: 18/56 MP: 13/15
  1297 | D:3      | Noticed Terence
  1310 | D:3      | Killed Terence
  1500 | D:4      | Reached skill level 1 in Air Magic
  1500 | D:4      | Reached skill level 1 in Poison Magic
  1542 | D:5      | Entered Level 5 of the Dungeon
  1575 | D:4      | Slain by a kobold brigand

Illustrated notes

Levels and vault maps discovered:
D:1:      scummos_arrival_gate, layout_basic, minmay_tetromino_i2
D:2:      layout_loops_ring, serial_aquarium, aquarium_bridge_square
          [aquarium_subvault_bridge, aquarium_subvault_bridge,
          aquarium_subvault_bridge, aquarium_subvault_wall],
          aquarium_window_fake, aquarium_window_fake, aquarium_window_1,
          aquarium_view_2g, aquarium_view_2d, aquarium_balcony_3a,
          aquarium_pool_double, basic_ecumenical_altar
D:3:      layout_rooms, ebering_ghost_sewer_f, uniq_jessica, uniq_terence
D:4:      layout_loops_corners, serial_bayou, serial_bayou_lagoon_a,
          serial_bayou_pond_d, serial_bayou_pond_a, serial_bayou_pond_d,
          serial_bayou_pond_c, minmay_manual_moon
D:5:      layout_loops_ring, uniq_menkaure, uniq_crazy_yiuf_cottage, uniq_pikel,
          uniq_edmund

Skill      XL: |  1  2  3  4  5  6  7 |
---------------+----------------------+-----
Fighting       | 1 2 3 |  3.0
Short Blades   | 1 2 3 4 |  4.3
Conjurations   | 2 |  2.7
Transmutations | 1 2 |  2.5
Earth Magic    | 1 2 |  2.3
Air Magic      | 1 |  1.1
Poison Magic   | 1 |  1.2
Dodging        | |  2.4
Stealth        | |  1.4
Spellcasting   | |  4.9
Summonings     | |  1.2
Translocations | |  1.2

Action                   |  1- 3 |  4- 6 |  7- 9 || total
-------------------------+-------+-------+-------++-------
Melee: Short sword       |    45 |    80 |    43 ||   168
       Battleaxe         |       |    37 |    12 ||    49
 Cast: Magic Dart        |    42 |    21 |     1 ||    64
Evoke: Wand              |       |       |     5 ||     5
  Use: Scroll            |       |     4 |       ||     4
       Potion            |       |     3 |       ||     3
 Stab: Sleeping          |       |     2 |       ||     2
Armor: Robe              |    17 |     8 |       ||    25
       Leather armour    |       |     9 |    16 ||    25
Dodge: Dodged            |    34 |    57 |    28 ||   119
